 Dungeon Crawl Stone Soup version 0.28-a0-769-g550dbda0cd (webtiles) character file.

Game seed: 15587238202749807871

70 mandarbmax the Shooter (level 4, 0/38 HPs)
             Began as a Minotaur Hunter on Oct 31, 2021.
             Slain by a goblin (3 damage)
             ... led by Robin
             ... on level 2 of the Dungeon.
             The game lasted 00:03:09 (2045 turns).

mandarbmax the Shooter (Minotaur Hunter)            Turns: 2045, Time: 00:03:09

Health: 0/38       AC:  3    Str: 16 (18) XL:     4   Next: 4%
Magic:  3/3        EV: 11    Int:  7 (8)  God:
Gold:   53         SH:  0    Dex:  8 (10) Spells: 3/3 levels left

rFire   . . .      SeeInvis .   b - +2 dagger (speed)
rCold   . . .      Faith    .   (no shield)
rNeg    . . .      Spirit   .   c - +0 leather armour
rPois   .          Reflect  .   (helmet restricted)
rElec   .          Harm     .   (no cloak)
rCorr   .          Rampage  .   (no gloves)
Will    .....      Rage     1%  (no boots)
Stlth   +.........              (no amulet)
HPRegen 0.12/turn               (no ring)
MPRegen 0.08/turn               (no ring)

@: lethally poisoned (0 -> -9)
A: horns 2, retaliatory headbutt, berserk 1, mutation resistance 1
a: no special abilities


You were on level 2 of the Dungeon.
You visited 1 branch of the dungeon, and saw 2 of its levels.

You collected 53 gold pieces.

Inventory:

Hand Weapons
 a - a +1 shortbow
 b - a +2 dagger of speed (weapon)
Missiles
 d - 62 arrows
 e - a throwing net (quivered)
Armour
 c - a +0 leather armour (worn)
Scrolls
 f - a scroll of fear {unknown}
 g - 2 scrolls of teleportation {unknown}
 i - 2 scrolls of amnesia {unknown}
 j - a scroll of identify {unknown}
 k - a scroll of vulnerability {unknown}
 l - a scroll of enchant weapon {unknown}


   Skills:
 + Level 3.0 Fighting
 - Level 6.0 Bows
 - Level 2.1 Dodging
 - Level 0.7 Stealth


You had 3 spell levels left.
You didn't know any spells.
Your spell library was empty.

Dungeon Overview and Level Annotations

Branches:
Dungeon (2/15)

Altars:

Annotations:
D:2 Robin


Innate Abilities, Weirdness & Mutations

You have a pair of horns on your head.
You reflexively headbutt those who attack you in melee.
You tend to lose your temper in combat.
You are somewhat resistant to further mutation.


Message History

Robin hits you with a +1 trident of venom!
You are poisoned.
The goblin hits you with a +0 club.
You barely miss Robin.
You feel very sick.
Robin hits you with a +1 trident of venom.
You are lethally poisoned!
You are too injured to fight recklessly!
You are too injured to fight recklessly!
You are too injured to fight recklessly!
You are too injured to fight recklessly!
You are too injured to fight recklessly!
You are too injured to fight recklessly!
You are too injured to fight recklessly!
You are too injured to fight recklessly!
You are too injured to fight recklessly!
You are too injured to fight recklessly!
Unknown command.
It was a potion of mutation.
You feel extremely strange.
You feel genetically stable.
You feel a little pissed off.
You feel very sick. The goblin barely misses you. You furiously retaliate!
You headbutt the goblin. Robin barely misses you.
It was a potion of degeneration.
There was something very wrong with that liquid.
You feel weakened.
You feel dopey.
You feel clumsy.
* * * LOW HITPOINT WARNING * * *
You feel very sick. The goblin hits you with a +0 club.
* * * LOW HITPOINT WARNING * * *
Robin completely misses you.
You hit Robin. Your headbutt misses Robin.
Robin is lightly wounded.
* * * LOW HITPOINT WARNING * * *
You feel sick. The goblin closely misses you.
You hit Robin but do no damage.
Robin is lightly wounded.
* * * LOW HITPOINT WARNING * * *
You feel sick. Robin misses you. The goblin hits you with a +0 club.
You die...

###.### ... #)#
#.# #'# #.# #.# #.
####)# .# #.
#....# .# #####.#
#.#### .......####
#.# ..........#
#.#
.......##.######.#
......g@g.†......#
......###.########
..... #.# .... ..#
### ####


You could see Robin and a goblin.

Vanquished Creatures
  An adder (D:2)
  A worm (D:2)
  3 endoplasms
  2 giant cockroaches
  8 hobgoblins
  4 jackals (D:2)
  5 kobolds
  A quokka (D:1)
  7 ball pythons
  3 bats (D:1)
  3 frilled lizards
  9 goblins
  5 rats
52 creatures vanquished.

Notes
Turn   | Place    | Note
-------+----------+-------------------------------------------
     0 | D:1      | mandarbmax the Minotaur Hunter began the quest for the Orb.
     0 | D:1      | Reached XP level 1. HP: 18/18 MP: 0/0
   354 | D:1      | Reached XP level 2. HP: 24/25 MP: 1/1
   574 | D:1      | Reached skill level 5 in Bows
  1017 | D:2      | Reached XP level 3. HP: 25/31 MP: 2/2
  1132 | D:2      | Noticed Robin
  1925 | D:2      | Reached XP level 4. HP: 27/38 MP: 3/3
  2035 | D:2      | Reached skill level 6 in Bows
  2042 | D:2      | Gained mutation: You are somewhat resistant to further
                  | mutation. [potion of mutation]
  2042 | D:2      | Gained mutation: You tend to lose your temper in combat.
                  | [potion of mutation]
  2045 | D:2      | Slain by a goblin

Illustrated notes

Levels and vault maps discovered:
D:1:      sevenhm_arrival_forest_fort_large_4, layout_rooms
D:2:      layout_loops_corners, hellmonk_ecumenical_altar_leap_of_faith,
          uniq_robin

Skill      XL: |  1  2  3  4 |
---------------+-------------+-----
Fighting       | 3 |  3.0
Bows           | 5 6 |  6.0
Dodging        | |  2.1
Stealth        | |  0.7

Action                   |  1- 3 |  4- 6 || total
-------------------------+-------+-------++-------
Melee: Short sword       |    24 |       ||    24
       Headbutt          |    16 |       ||    16
       Dagger            |    77 |     6 ||    83
 Fire: Shortbow          |    10 |       ||    10
  Use: Potion            |       |     2 ||     2
Armor: Leather armour    |    33 |     1 ||    34
Dodge: Dodged            |    58 |     8 ||    66

Table legend: (Time is in decaauts)
 A = Elapsed time spent in this place.
 B = Non-inter-level travel time spent in this place.
 C = Inter-level travel time spent in this place.
 D = Time resting spent in this place.
 E = Time spent auto-exploring this place.
 F = Levels seen in this place.
 G = Mean time per level.
                   A        B        C        D        E       F      G
               +--------+--------+--------+--------+--------+-----+--------+
         Total |   2011 |   1970 |     41 |    532 |   1194 |   2 | 1005.5 |
       Dungeon |   2011 |   1970 |     41 |    532 |   1194 |   2 | 1005.5 |
               +--------+--------+--------+--------+--------+-----+--------+

Top non-repeatable levels by time:
     D:1: 1238 daAuts
     D:2: 772 daAuts
